 Dungeon Crawl Stone Soup version 0.23-a0-385-gb2d581486a (webtiles) character file.

588 Banto the Poker (level 7, -1/50 HPs)
             Began as a Demonspawn Gladiator on Oct 28, 2018.
             Slain by an orc (4 damage)
             ... on level 4 of the Dungeon.
             The game lasted 00:03:39 (2941 turns).

Banto the Poker (Demonspawn Gladiator)              Turns: 2941, Time: 00:03:39

Health: -1/50      AC:  3    Str: 15    XL:     7   Next: 15%
Magic:  7/7        EV: 12    Int: 10    God:
Gold:   165        SH:  4    Dex: 15    Spells: 6/6 levels left

rFire    . . .     SeeInvis .   a - +1 trident
rCold    + . .     Gourm    .   (no shield)
rNeg     . . .     Faith    .   b - +0 leather armour
rPois    .         Spirit   .   (helmet restricted)
rElec    .         Reflect  .   (no cloak)
rCorr    +         Harm     .   (no gloves)
MR       .....                  (no boots)
Stlth    ++........             (no amulet)
HPRegen  0.16/turn              m - ring of resist corrosion
MPRegen  0.10/turn              (no ring)

@: no status effects
A: antennae 1, large bone plates 1, cold resistance 1, nightstalker 1
a: no special abilities


You were on level 4 of the Dungeon.
You were not hungry.

You visited 1 branch of the dungeon, and saw 4 of its levels.

You collected 165 gold pieces.

Inventory:

Hand Weapons
 a - a +1 trident (weapon)
Missiles
 c - 4 stones
 d - 3 throwing nets (quivered)
Armour
 b - a +0 leather armour (worn)
 i - a +0 cloak
Jewellery
 m - a ring of resist corrosion (left hand)
Scrolls
 e - a scroll of blinking
 g - 2 scrolls of teleportation
 k - a scroll of identify
Potions
 h - 2 potions of magic
 j - 2 potions of agility
 l - a potion of curing
 n - 2 potions of haste
 o - a potion of lignification {unknown}
 r - a potion of flight
Comestibles
 f - 7 rations
 p - 4 chunks of flesh


   Skills:
 - Level 2.0 Fighting
 + Level 7.6 Polearms
 - Level 1.7 Throwing
 - Level 2.6 Dodging


You had 6 spell levels left.
You didn't know any spells.
Your spell library was empty.

Dungeon Overview and Level Annotations

Branches:
Dungeon (4/15)
 Temple: D:4-7

Altars:
Hepliaklqana


Innate Abilities, Weirdness & Mutations

You have a pair of small antennae on your head.
You are partially covered in large bone plates. (SH +4)
Your flesh is cold resistant. (rC+)
You are slightly more attuned to the shadows.


Message History

You take 4 damage, and have 5/50 hp.
Attack whom?
Press: ? - help, Dir - move target cursor, f/p - orc
Aim: an orc, wearing a +0 ring mail You barely miss the orc.
The orc hits you.
* * * LOW HITPOINT WARNING * * *
You take 3 damage, and have 2/50 hp.
Attack whom?
Press: ? - help, Dir - move target cursor, f/p - orc
Aim: an orc, wearing a +0 ring mail You hit the orc.
The orc is heavily wounded.
The orc hits you but does no damage.
Attack whom?
Press: ? - help, Dir - move target cursor, f/p - orc
Aim: an orc, wearing a +0 ring mail (heavily wounded)
You barely miss the orc.
The orc is heavily wounded.
The orc hits you.
You die...

##
.####################
................@o..#
....###############.#
.##.# .##.# .##.#
.##.# .##.# .#...
.#..#


You could see an orc.

Vanquished Creatures
  Sigmund (D:2)
  An ogre (D:3)
  A scorpion (D:4)
  A centaur zombie (D:3)
  An orc priest (D:4)
  A gnoll shaman (D:4)
  An orc wizard (D:4)
  A worker ant (D:3)
  A hound skeleton (D:4)
  3 gnolls (D:4)
  An ooze (D:3)
  A worm (D:2)
  11 dart slugs
  3 leopard geckos
  3 orcs
  6 bats
  3 giant cockroaches
  10 goblins
  14 hobgoblins
  4 jackals (D:3)
  A quokka (D:3)
  3 frilled lizards
  4 kobolds
  A quokka skeleton (D:4)
  6 rats
83 creatures vanquished.

Notes
Turn   | Place    | Note
-------+----------+-------------------------------------------
     0 | D:1      | Banto the Demonspawn Gladiator began the quest for the Orb.
     0 | D:1      | Reached XP level 1. HP: 16/16 MP: 1/1
   101 | D:1      | Reached skill level 3 in Polearms
   205 | D:1      | Gained mutation: You are partially covered in large bone
                  | plates. (SH +4) [demonic ancestry]
   205 | D:1      | Reached XP level 2. HP: 15/22 MP: 2/2
   584 | D:1      | Reached XP level 3. HP: 26/27 MP: 3/3
   749 | D:2      | Noticed Sigmund
   991 | D:2      | Killed Sigmund
   991 | D:2      | Reached skill level 5 in Polearms
   991 | D:2      | Gained mutation: You have a pair of small antennae on your
                  | head. [demonic ancestry]
   991 | D:2      | Reached XP level 4. HP: 20/33 MP: 4/4
   991 | D:2      | Reached XP level 5. HP: 23/38 MP: 5/5
  1482 | D:3      | Found a hazy altar of Hepliaklqana.
  1536 | D:3      | Reached skill level 6 in Polearms
  1773 | D:3      | Gained mutation: Your flesh is cold resistant. (rC+)
                  | [demonic ancestry]
  1773 | D:3      | Reached XP level 6. HP: 30/44 MP: 6/6
  2406 | D:3      | Noticed an orc warrior
  2805 | D:4      | Reached skill level 7 in Polearms
  2852 | D:4      | Gained mutation: You are slightly more attuned to the
                  | shadows. [demonic ancestry]
  2852 | D:4      | Reached XP level 7. HP: 30/50 MP: 7/7
  2939 | D:4      | HP: 2/50 [orc (3)]
  2941 | D:4      | Slain by an orc

Vault maps used:
D:1:      saegor_arrival_under_anarchy
D:2:      uniq_sigmund
D:3:      kennysheep_slugbush, lemuel_crystal_altar, first_ration
D:4:      nicolae_ossuary_entry_ruins

Skill      XL: |  1  2  3  4  5  6 |
---------------+-------------------+-----
Polearms       | 3 5 6 7 |  7.6
Fighting       | |  2.0
Throwing       | |  1.7
Dodging        | |  2.6

Action                   |  1- 3 |  4- 6 |  7- 9 || total
-------------------------+-------+-------+-------++-------
Melee: Trident           |   100 |   204 |    19 ||   323
Throw: Throwing net      |     1 |       |       ||     1
  Use: Scroll            |       |     9 |       ||     9
 Stab: Sleeping          |     1 |     3 |       ||     4
       Held in net/web   |     1 |       |       ||     1
  Eat: Chunk             |       |     7 |       ||     7
Armor: Leather armour    |    16 |    25 |     2 ||    43
Dodge: Dodged            |    35 |    88 |     3 ||   126
Block: Other             |    14 |    21 |     3 ||    38

Table legend:
 A = Non-vault XP
 B = Vault XP
 C = Vault XP percentage of total XP
 D = Non-vault monster count
 E = Vault monster count
 F = Vault count percentage of total count
                 A         B        C        D         E       F
            +---------+---------+-------+---------+---------+-------
      Total |     581 |     259 |  30.8 |      73 |      10 |  12.0
            +---------+---------+-------+---------+---------+-------
        D:1 |      44 |       0 |   0.0 |      21 |       0 |   0.0
        D:2 |      35 |     223 |  86.4 |      18 |       1 |   5.3
        D:3 |     247 |      36 |  12.7 |      23 |       9 |  28.1
        D:4 |     255 |       0 |   0.0 |      11 |       0 |   0.0
            +---------+---------+-------+---------+---------+-------

Table legend:
 A = Turns spent in this place as a percentage of turns spent in the entire game.
 B = Non-inter-level travel turns spent in this place as a percentage of non-inter-level travel turns spent in the entire game.
 C = Inter-level travel turns spent in this place as a percentage of turns spent in this place.
 D = Turns resting spent in this place as a percentage of non-inter-level travel turns spent in this place.
 E = Turns spent auto-exploring this place as a percentage of non-inter-level travel turns spent in this place.
 F = Non-inter-level travel turns spent in this place divided by the number of levels of this place that you've seen.
                   A       B       C       D       E      F
               +-------+-------+-------+-------+-------+----------------------
         Total | 100.0 | 100.0 |   3.1 |  23.2 |  50.4 | 712.8
       Dungeon | 100.0 | 100.0 |   3.1 |  23.2 |  50.4 | 712.8
               +-------+-------+-------+-------+-------+----------------------

Table legend:
 A = Kills in this place as a percentage of kills in entire the game.
 B = Kills by you in this place as a percentage of kills by you in the entire game.
 C = Kills by friends in this place as a percentage of kills by friends in the entire game.
 D = Other kills in this place as a percentage of other kills in the entire game.
 E = Experience gained in this place as a percentage of experience gained in the entire game.
 F = Experience gained in this place divided by the number of levels of this place that you have seen.
                   A       B       C       D       E      F
               +-------+-------+-------+-------+-------+----------------------
         Total | 100.0 | 100.0 |   N/A |   N/A | 100.0 | 210.0
       Dungeon | 100.0 | 100.0 |   N/A |   N/A | 100.0 | 210.0
               +-------+-------+-------+-------+-------+----------------------
